 Dungeon Crawl Stone Soup version 0.18-a0-1060-g4fac74f (webtiles) character file.

429 ater218 the Ducker (level 6, 0/48 HPs)
             Began as a Demonspawn Gladiator on Jan 12, 2016.
             Was a Follower of Makhleb.
             Slain by a worker ant (3 damage)
             ... on level 4 of the Dungeon.
             The game lasted 00:28:12 (3326 turns).

ater218 the Ducker (Demonspawn Gladiator)           Turns: 3326, Time: 00:28:15

Health: 0/48       AC:  8    Str: 15    XL:     6   Next: 66%
Magic:  6/6        EV: 13    Int: 12    God:    Makhleb [*.....]
Gold:   135        SH:  0    Dex: 20    Spells: 0 memorised, 5 levels left

rFire  . . .     SeeInvis .     a - +0 war axe
rCold  . . .     Gourm    .     c - +2 ring mail
rNeg   . . .     Faith    .     (no shield)
rPois  .         Spirit   .     (helmet restricted)
rElec  .         Dismiss  .     o - +0 cloak
rCorr  .         Reflect  .     (no gloves)
SustAt .         Harm     .     (no boots)
MR     +....                    f - amulet of magic regeneration
Stlth  ++++......               b - +3 ring of dexterity
                                l - ring of protection from magic

@: lethally poisoned (0 -> -9), somewhat resistant to hostile enchantments,
stealthy
A: horns 1, thin skeletal structure 2, nightstalker 1
a: Renounce Religion


You were on level 4 of the Dungeon.
You worshipped Makhleb.
Makhleb was aware of your devotion.
You were not hungry.

You visited 2 branches of the dungeon, and saw 5 of its levels.

You collected 135 gold pieces.

Inventory:

Hand Weapons
 a - a +0 war axe (weapon)
 g - a +4 dagger
 j - a +1 short sword of freezing
Missiles
 d - 3 throwing nets (quivered)
Armour
 c - a +2 ring mail (worn)
 o - a +0 cloak (worn)
Jewellery
 b - a +3 ring of dexterity (right hand)
 f - an amulet of magic regeneration (around neck)
 l - a ring of protection from magic (left hand)
 m - an uncursed ring of fire
Wands
 w - a wand of heal wounds (0/9)
Scrolls
 e - a scroll of teleportation
 s - a scroll of identify
 t - a scroll of enchant weapon {unknown}
 u - a scroll of amnesia
Potions
 h - a potion of resistance {unknown}
 i - a potion of agility {unknown}
 k - a potion of lignification {unknown}
 p - 2 potions of flight {unknown}
 q - a potion of degeneration {unknown}
 r - 2 potions of might {unknown}
 x - a potion of curing {unknown}
Comestibles
 n - a meat ration


   Skills:
 * Level 3.8 Fighting
 + Level 3.8 Axes
 - Level 1.9 Throwing
 * Level 2.1 Armour
 + Level 4.3 Dodging
 + Level 2.0 Stealth


You had 5 spell levels left.
You didn't know any spells.

Dungeon Overview and Level Annotations

Branches:
Dungeon (4/15)             Temple (1/1) D:4

Altars:
Ashenzari
Elyvilon
Fedhas
Gozag
Kikubaaqudgha
Makhleb
Okawaru
Pakellas
Ru
Trog
Vehumet
Xom
Yredelemnul
Zin

Annotations:
D:4 Sigmund


Innate Abilities, Weirdness & Mutations

You have a pair of small horns on your head.
You have a moderately thin skeletal structure (Dex +4, Stealth+).
You are slightly more attuned to the shadows.


Message History

You hit the worker ant.
The worker ant is almost dead.
You feel sick. The worker ant barely misses you. x2
The worker ant bites you.
* * * LOW HITPOINT WARNING * * *
You are lethally poisoned!
The worker ant poisons you! Something hits you.
* * * LOW HITPOINT WARNING * * *
The worker ant bites you but does no damage.
It was a potion of cure mutation.
It has a very clean taste.
* * * LOW HITPOINT WARNING * * *
You feel sick. The worker ant bites you.
* * * LOW HITPOINT WARNING * * *
The worker ant misses you.
You closely miss the worker ant.
The worker ant is almost dead.
You hit the worker ant.
The worker ant is almost dead.
* * * LOW HITPOINT WARNING * * *
You feel sick. The worker ant bites you.
You die...

.(.# ....####
#%......# . #.......#
.. #.......+ ...
######.......######..#
.................†{..#
................@a...#
...?.........)..)a...#
.............((......#
....############.....#
....#......#...#.....#
....#......#...#.....#
....#.....##...#.....#
....#.....##..†######.
....#......#...'....#


You could see 2 worker ants.

Vanquished Creatures
  The ghost of cireshan the Shooter, an amateur CeAM (D:3)
  4 orc wizards
  Natasha (thrice) (D:3)
  An adder (D:4)
  2 oozes (D:2)
  An adder skeleton (D:4)
  A worm (D:2)
  A giant gecko (D:1)
  10 orcs
  7 giant cockroaches
  11 hobgoblins
  14 jackals
  5 kobolds
  A ball python (D:4)
  9 bats
  5 giant newts
  4 goblins (D:1)
  7 rats
  A butterfly (D:4)
88 creatures vanquished.

Notes
Turn   | Place    | Note
--------------------------------------------------------------
     0 | D:1      | ater218 the Demonspawn Gladiator began the quest for the Orb.
     0 | D:1      | Reached XP level 1. HP: 16/16 MP: 1/1
    52 | D:1      | Gained mutation: You have a somewhat thin skeletal structure (Dex +2, Stealth). [demonic ancestry]
    52 | D:1      | Reached XP level 2. HP: 9/22 MP: 2/2
   430 | D:1      | Reached skill level 3 in Dodging
   757 | D:1      | Gained mutation: You have a pair of small horns on your head. [demonic ancestry]
   757 | D:1      | Reached XP level 3. HP: 27/27 MP: 3/3
   985 | D:2      | Reached skill level 1 in Armour
  1157 | D:2      | Found an iron altar of Okawaru.
  1581 | D:2      | Found a burning altar of Makhleb.
  1582 | D:2      | Noticed an Executioner
  1586 | D:2      | Found a glowing silver altar of Zin.
  1586 | D:2      | Noticed an angel
  1590 | D:2      | Became a worshipper of Makhleb the Destroyer
  1678 | D:2      | Gained mutation: You are slightly more attuned to the shadows. [demonic ancestry]
  1678 | D:2      | Reached XP level 4. HP: 33/33 MP: 4/4
  1872 | D:2      | Reached skill level 1 in Stealth
  1964 | D:3      | Noticed Natasha
  1974 | D:3      | Killed Natasha
  2210 | D:3      | Noticed cireshan's ghost (amateur CeAM)
  2230 | D:3      | Killed cireshan's ghost
  2230 | D:3      | Reached skill level 4 in Dodging
  2230 | D:3      | Gained mutation: You have a moderately thin skeletal structure (Dex +4, Stealth+). [demonic ancestry]
  2230 | D:3      | Reached XP level 5. HP: 26/41 MP: 5/5
  2289 | D:3      | Noticed Natasha
  2299 | D:3      | Killed Natasha
  2299 | D:3      | Reached XP level 6. HP: 33/47 MP: 6/6
  2423 | D:3      | Noticed Natasha
  2476 | D:3      | Reached * piety under Makhleb
  2705 | D:3      | Killed Natasha
  3158 | D:4      | Found a staircase to the Ecumenical Temple.
  3193 | Temple   | Entered the Ecumenical Temple
  3313 | D:4      | Noticed Sigmund
  3326 | D:4      | Slain by a worker ant

Vault maps used:
D:1:      minmay_arrival_up_and_down
D:2:      grunt_temple_overflow_order_and_chaos_2, overflow_temple_1_default,
          corner_web_ring, minmay_door_square
D:3:      minmay_misc_feat_hallway, uniq_natasha
D:4:      minmay_temple_entry_butterflies, first_bread, uniq_sigmund
Temple:   triangle_lava_temple_11

Action                   |  1- 3 |  4- 6 || total
-------------------------+-------+-------++-------
Melee: War axe           |   126 |   122 ||   248
Throw: Throwing net      |       |     1 ||     1
  Use: Scroll            |     8 |     4 ||    12
       Potion            |       |     1 ||     1
 Stab: Sleeping          |     4 |     5 ||     9
  Eat: Bread ration      |     1 |       ||     1
       Fruit             |     1 |       ||     1
       Meat ration       |       |     1 ||     1
